[Event "New York Spring IM-C 2022"]
[Site "New York"]
[Date "2022.04.17"]
[Round "5.2"]
[White "Dolgitser, Konstantin"]
[Black "Rozman, Levy"]
[Result "0-1"]
[ECO "D20"]
[WhiteElo "2199"]
[BlackElo "2334"]
[Annotator "TA"]
[PlyCount "78"]
[EventDate "2022.04.14"]
[EventType "tourn"]
[EventCountry "USA"]
[SourceTitle "playchess.com"]
[Source "ChessBase"]
[SourceQuality "1"]
[TimeControl "5400+30"]

1. d4 d5 2. c4 dxc4 3. e3 e5 4. Bxc4 Nc6 5. Nf3 e4 6. Nfd2 {[%emt 0:01:28] D20: Queen's Gambit Accepted: 3 e3 and 3 e4.} (6. Qb3 $5 Nh6 7. Nfd2 $11) 6... Qg5 7. g3 Nf6 8. Nc3 {[%emt 0:05:12] The position is equal.} Bb4 9. Qc2 Qg6 (9... O-O {with more complications.} 10. Ndxe4 Nxe4 11. Qxe4 Bh3) 10. a3 Bxc3 {[%emt 0:01:47] [#]} 11. Qxc3 $146 (11. bxc3 $11 O-O 12. Bf1) ({Predecessor:} 11. bxc3 O-O 12. Bf1 h5 13. h4 Re8 14. Bg2 Bf5 15. Nb3 Bg4 16. Bb2 Qf5 17. Nd2 {0-1 (40) Dudin,G (2323)-Savitskiy,S (2411) Moscow 2019}) 11... h5 (11... Bh3 $17) 12. h4 O-O 13. Bf1 Nd5 14. Qb3 Be6 15. Nc4 Rab8 16. Qc2 b5 17. Ne5 Nxe5 18. dxe5 Rfe8 19. Bg2 Bf5 $36 {[%emt 0:01:30][%mdl 2048] White is under pressure.} 20. Qc5 (20. O-O $11 {remains equal.}) 20... Rxe5 {[%emt 0:03:57] &Nero is much more active. The white rooks are badly placed.} ({Black should try} 20... Nb6 $1 $17 {[%cal Rb6d7] Hoping for ...Nd7.} 21. Qxc7 Nc4) 21. Qxa7 $11 Rbe8 22. O-O Qe6 23. Bd2 $2 {[%emt 0:00:39] [#]} (23. b4 $11 Bh3 24. Bb2 Bxg2 25. Kxg2) 23... Bh3 ({Black should play} 23... g5 $1 $17 {[%cal Rg5h4] ...gxh4 is the strong threat.} 24. hxg5 Bh3) 24. Rac1 $2 {[%emt 0:07:14] [#]} (24. Bc3 $15 Nxc3 25. bxc3) 24... g5 $1 $19 25. Bc3 Bxg2 26. Kxg2 Nxc3 27. Rxc3 gxh4 {[%emt 0:00:14] Strongly threatening ...Qg4.} 28. Rxc7 $2 (28. Rc5 $1 $15) 28... Qf5 29. f4 $2 (29. Rcc1 Qf3+ 30. Kh2) 29... Rd5 (29... exf3+ $142 30. Rxf3 h3+ 31. Kf2 Qb1 32. Rcxf7 Qxb2+ 33. Kf1 Qb1+ 34. Kf2 h2 35. Rg7+ Kh8 36. Rh7+ Qxh7 37. Qxh7+ Kxh7 38. Kg2 Rxe3 39. Rf7+ Kg6 40. Rf1 Re1 41. Rxe1 Rxe1 42. Kxh2 Re3 43. Kg2 Kf5 44. Kf2 Ke4 45. Kg1 Rxg3+ 46. Kf2 h4 47. Ke1 h3 48. Ke2 h2 49. Kf2 Rg5 50. Ke1 Rg2 51. Kf1 h1=Q#) 30. Qa5 Qg4 31. Qe1 Red8 32. Rc2 {[%emt 0:01:19] Prevents Rd2+.} Rd1 33. Qf2 hxg3 34. Qe2 {[%emt 0:01:21] [#]} Qh4 $1 35. Kg1 Rxf1+ 36. Qxf1 Qg4 {[%emt 0:00:32] ( -> ...Rd1)} 37. Qe2 Qf3 {[%emt 0:01:55] Black mates.} 38. Rd2 Rc8 39. Rc2 Rxc2 {[%emt 0:01:07] Weighted Error Value: White=0.96/Black=0.23 (precise)} 0-1

[Event "New York Spring IM-C 2022"]
[Site "New York"]
[Date "2022.04.17"]
[Round "5.3"]
[White "Antova, Gabriela"]
[Black "Berczes, David"]
[Result "1-0"]
[ECO "E00"]
[WhiteElo "2304"]
[BlackElo "2452"]
[Annotator "TA"]
[PlyCount "77"]
[EventDate "2022.04.14"]
[EventType "tourn"]
[EventCountry "USA"]
[SourceTitle "playchess.com"]
[Source "ChessBase"]
[SourceQuality "1"]
[TimeControl "5400+30"]

1. d4 e6 2. c4 Bb4+ 3. Nd2 c5 4. dxc5 Nf6 5. g3 Bxc5 6. Nh3 {[%emt 0:10:07] E00: Catalan Bogo-Indian (3 g3 Bb4+).} d5 7. Bg2 O-O 8. O-O {[%emt 0:03:43] The position is equal.} Nc6 9. Nf4 Bb6 {[%emt 0:05:59] [#]} 10. Nd3 $146 ({Predecessor:} 10. cxd5 exd5 11. b3 Bd4 12. Ba3 Bxa1 13. Bxf8 Be5 14. Bc5 Bf5 15. Nd3 Bxd3 16. exd3 Bd4 17. Bxd4 Nxd4 18. Nf3 Qb6 19. Qd2 {½-½ (19) Aleksandrov,A (2574)-Rakhmanov,A (2629) Skopje 2019}) 10... a5 11. b3 d4 12. c5 Bc7 13. Nc4 e5 14. e4 (14. Bxc6 $14 {is superior.} bxc6 15. Ndxe5) 14... dxe3 $11 15. Bxe3 Bg4 16. Qd2 Qd7 {[%emt 0:00:17] Prevents Nd6.} (16... e4 $11 17. Ndb2 Ne5) 17. Bxc6 $16 bxc6 18. Ndxe5 Qf5 19. Nxc6 {[%emt 0:06:13] Pair of Knights!} Qh5 20. f4 Bh3 (20... Rfe8 $16) 21. Rfe1 {[%emt 0:03:10] aiming for Bd4.} Rfe8 22. Bd4 ({Not} 22. N6xa5 Ne4 23. Qc2 (23. Qb4 Qf3) 23... Bxa5 24. Nxa5 Rxa5 $17) (22. N6e5 $16) 22... Ne4 $1 $11 23. Qb2 (23. Qe3 $5 Qd5 24. N6e5 (24. g4 Bxg4 25. N4e5 Bf5 $15) 24... Bxe5 25. Nxe5 Nxc5 26. Qf2 $15) 23... f6 24. Be5 $2 fxe5 $19 25. Rxe4 exf4 (25... Qg6 $19 26. Nd6 Bxd6) 26. N4e5 $2 {[%emt 0:01:28][%mdl 8192] [#]} (26. N6e5 $15) 26... fxg3 $2 (26... Bd7 27. Qd4 Bxc6 28. Qc4+ Kh8 29. Nf7+ Kg8 30. Ne5+ Kh8 31. Nf7+ Kg8 32. Ne5+ $11) (26... Ra6 $1 $19 27. Qd4 Re6) 27. hxg3 $15 Bxe5 (27... Qg5 $1 $15 28. Qc3 Rac8) 28. Nxe5 $11 Qg5 (28... Be6 $11 {keeps the balance.} 29. Qe2 (29. Qh2 Qf5 $11) 29... Qh3) 29. Qc3 $36 {[%emt 0:00:10][%mdl 2048] White is in control.} Rad8 {[%emt 0:00:33] [#]} (29... Rac8 $142 30. Re3 Qd8) 30. Rae1 $1 {[%emt 0:01:12] Black must now prevent g4.} Rd2 {[%emt 0:00:29] ...Rg2+ is the strong threat.} 31. R4e2 {[%emt 0:00:46] Inhibits Rg2+. Dancing on a razor blade.} Rxe2 32. Rxe2 h5 (32... Qf5 $2 33. Qc4+ Re6 34. g4 Qf1+ 35. Kh2 Bxg4 36. Qxg4 $18) 33. c6 Qf5 (33... Qf6 $16 34. Re1 Be6) 34. Qc4+ Kh7 35. Qe4 {[%emt 0:01:01] Active counter play!} Rxe5 $2 (35... g6 36. Qxf5 Bxf5) 36. Qxe5 $18 {[%emt 0:00:06] White is clearly winning.} Qf1+ 37. Kh2 Bg4 38. Rd2 h4 39. Qe4+ {[%emt 0:00:32] Weighted Error Value: White=0.54/Black=0.45} 1-0

[Event "New York Spring IM-C 2022"]
[Site "New York"]
[Date "2022.04.17"]
[Round "5.4"]
[White "Jakovljevic, Vlado"]
[Black "Singh, Hersh"]
[Result "1-0"]
[ECO "D38"]
[WhiteElo "2352"]
[BlackElo "2084"]
[Annotator "TA"]
[PlyCount "127"]
[EventDate "2022.04.14"]
[EventType "tourn"]
[EventCountry "USA"]
[SourceTitle "playchess.com"]
[Source "ChessBase"]
[SourceQuality "1"]
[TimeControl "5400+30"]

1. Nf3 d5 2. d4 Nf6 3. c4 e6 4. Nc3 Bb4 5. Qb3 c5 6. cxd5 {[%emt 0:00:19] D38: Queen's Gambit Declined: Ragozin Defence (4 Nf3 Bb4).} exd5 7. dxc5 Nc6 {[%emt 0:00:35] White must now prevent ...d4.} 8. Bg5 {[%emt 0:00:23] The position is equal.} Be6 9. O-O-O {[%emt 0:00:35][%cal Oe2e4,Ba1d1,Bd1d5,Bd5f5,Bf5f6][%mdl 32] Threatens to win with e4!} Qa5 (9... O-O {is more complex.} 10. e4 dxe4 11. Rxd8 Bxb3 12. Rxa8 Rxa8 13. Nd2 Be6) 10. Bxf6 gxf6 11. Nxd5 Qxc5+ 12. Qc2 Bxd5 {[%emt 0:01:25] A strong pair of Bishops.} (12... Qxc2+ {is interesting.} 13. Kxc2 O-O-O 14. e4 f5) 13. Qxc5 {[%emt 0:00:11][%mdl 64] Remove Defender} Bxc5 14. Rxd5 Bxf2 15. e4 O-O 16. Bb5 Nb4 {[%emt 0:04:41] [#]} 17. Rf5 $146 ({Predecessor:} 17. Rd7 Nxa2+ 18. Kb1 Nb4 19. Rf1 Bc5 20. e5 a6 21. Bc4 b5 22. Bb3 Rad8 23. Bxf7+ {½-½ (33) Klapp,H (2135)-Hinz,H (2088) GER email 2012}) 17... a6 18. Ba4 Nxa2+ 19. Kb1 Nb4 20. Rf1 Ba7 (20... Be3 $14) 21. Rxf6 $16 Nd3 (21... Be3 $142) 22. Ng5 Bd4 23. Rd6 ({Much less strong is} 23. Rxf7 Nc5 $16) 23... Rad8 24. Rxd8 Rxd8 25. Nxf7 Rc8 (25... Rb8 26. Nh6+ Kh8) 26. Bb3 Nc5 27. Bd5 ({But not} 27. Nd6+ $2 Nxb3 28. Rd1 Rc7 $19) 27... Kg7 28. Nd6 Rf8 29. Nf5+ Kh8 30. Rc1 Bf2 31. g3 {[%emt 0:02:20] And now Rc2 would win.} b6 32. Kc2 a5 33. Kd2 {[%emt 0:00:46] Hoping for Ke2.} Nd7 34. Ke2 {[%emt 0:01:55] &Bianco is more active.} Bc5 35. Rd1 Ne5 36. h3 Ng6 37. h4 Ne7 38. Be6 $1 Nc6 39. b3 Ne5 40. Rd5 Ng4 {[%emt 0:00:33] [#]} 41. Kf3 ({White must play} 41. e5 $1 $18) 41... Nf6 $2 (41... h5 $14) 42. Rd1 $18 Re8 43. Bd5 Nd7 44. g4 Ne5+ 45. Kf4 {[%emt 0:00:11] aiming for h5.} Ng6+ (45... b5 {was worth a try.} 46. g5 Ba3) 46. Kg5 {[%emt 0:00:34] h5 is the strong threat.} Ne5 47. Kf4 (47. h5 $142) 47... Ng6+ {[%emt 0:00:03] [#]} 48. Kg3 $1 Ne7 49. g5 Nxd5 $2 (49... Rd8 50. Kg4 Re8) 50. exd5 {[%emt 0:00:26][%mdl 4096] Endgame KRB-KRN} Kg8 51. Kf4 b5 52. d6 a4 53. bxa4 bxa4 54. Rd5 {[%emt 0:00:25] Nh6+ would kill now.} Bb6 55. Rb5 Rb8 56. Ke4 {[%emt 0:00:48] Intending d7 and mate.} a3 57. d7 {[%emt 0:00:37] White mates.} Rd8 58. Rxb6 Rxd7 {[%emt 0:00:03] KRN-KR} 59. Ra6 Kf7 60. Rxa3 Kg6 61. Ng3 Rd6 62. Kf4 Rd4+ 63. Ne4 Kh5 64. Ra6 {[%emt 0:00:18] Weighted Error Value: White=0.21 (precise) /Black=0.29 (precise)} 1-0

[Event "New York Spring IM-C 2022"]
[Site "New York"]
[Date "2022.04.17"]
[Round "5.5"]
[White "Umayan, Vincent"]
[Black "Ngo, Bach"]
[Result "0-1"]
[ECO "D24"]
[WhiteElo "2043"]
[BlackElo "2306"]
[Annotator "TA"]
[PlyCount "60"]
[EventDate "2022.04.14"]
[EventType "tourn"]
[EventCountry "USA"]
[SourceTitle "playchess.com"]
[Source "ChessBase"]
[SourceQuality "1"]
[TimeControl "5400+30"]

1. d4 Nf6 2. Nf3 e6 3. c4 d5 4. Nc3 dxc4 5. e3 a6 6. a4 b6 {[%emt 0:00:26] D24: Queen's Gambit Accepted: 3 Nf3 Nf6 4 Nc3.} 7. Bxc4 Bb7 {[%emt 0:00:11] Inhibits e4.} 8. O-O Bb4 {[%emt 0:00:20] The position is equal.} 9. Qe2 O-O 10. Rd1 Nbd7 11. Bd2 Qe7 12. Rac1 Rfd8 13. Be1 h6 {[%emt 0:16:27] [#]} 14. Bb3 $146 ({Predecessor:} 14. h3 c5 15. d5 Bxc3 16. d6 Qf8 17. Bxc3 Ne4 18. Qd3 Nxc3 19. Qxc3 Nf6 20. Qe5 {0-1 (28) Abramovic,B (2404)-Saric,A (2594) Skopje 2016}) 14... c5 15. Bc2 cxd4 16. exd4 Nd5 17. Qd3 {[%emt 0:03:29] [#] Intending Qh7+ and mate.} N7f6 {[%emt 0:01:53] Against Qh7+. Active counter play!} 18. Bb3 (18. Nxd5 $15 Rxd5 19. Bb3) 18... Bd6 (18... Nf4 $17 19. Qe3 Bd6) 19. Nxd5 $15 Nxd5 20. Bxd5 Bxd5 21. Qe3 Qb7 22. Bc3 b5 23. axb5 axb5 {[%emt 0:00:11][%cal Ba6b5,Bb5b4][%mdl 32] aiming for ...Ra2.} 24. Ra1 b4 25. Bd2 Rdc8 {[%emt 0:00:48] [#] ...Rxa1 is the strong threat.} 26. Rxa8 (26. Ne1 $17) 26... Rxa8 $19 ({Not} 26... Qxa8 27. Ne1) 27. Ne1 Ra2 28. Bc1 Qc6 29. f3 Qa4 30. Qd2 (30. Rd2) 30... Bb3 {[%emt 0:00:21] Weighted Error Value: White=0.34/Black=0.12 (very precise)} 0-1

[Event "New York Spring IM-C 2022"]
[Site "New York"]
[Date "2022.04.17"]
[Round "6.1"]
[White "Lee, Justin"]
[Black "Ngo, Bach"]
[Result "1/2-1/2"]
[ECO "E25"]
[WhiteElo "2104"]
[BlackElo "2306"]
[Annotator "TA"]
[PlyCount "145"]
[EventDate "2022.04.14"]
[EventType "tourn"]
[EventCountry "USA"]
[SourceTitle "playchess.com"]
[Source "ChessBase"]
[SourceQuality "1"]
[TimeControl "5400+30"]

1. d4 Nf6 2. c4 e6 3. Nc3 Bb4 4. f3 d5 5. a3 Bxc3+ 6. bxc3 c5 7. cxd5 Nxd5 8. Qd2 O-O {[%emt 0:03:19] has lost popularity (8...Qa5). E25: Nimzo-Indian: Sämisch: 5...c5 6 f3 d5 7 cxd5.} 9. e4 Nb6 10. a4 {[%emt 0:06:59][%cal Ba3a4,Ba4a5][%mdl 32] [#]} f5 $146 (10... Bd7 $11) ({Predecessor:} 10... Bd7 11. Bd3 Bxa4 12. dxc5 N6d7 13. Rxa4 Nxc5 14. Rd4 {1-0 (14) Margana,A (2236)-Wosch,A (2359) LSS email 2017}) 11. a5 $16 (11. dxc5 N6d7 $14) 11... N6d7 12. exf5 exf5 13. Bc4+ ({White should play} 13. Nh3) 13... Kh8 14. Ne2 {[%emt 0:00:53] Active counter play!} Nc6 15. Qa2 Qf6 16. Be3 {[%emt 0:05:54] A strong pair of Bishops.} (16. O-O $16) 16... cxd4 $11 17. cxd4 b6 18. a6 Re8 19. Qd2 (19. Kf2 $11) 19... Na5 $15 20. Bd5 (20. Bb5 $1 $15) 20... Rb8 ({Better is} 20... Bxa6 $17 {White must now prevent ...Rac8.} 21. Bxa8 Nb3 $1) 21. Kf2 Bxa6 22. Ng3 {[%emt 0:03:17] [#]} (22. Rhe1 $1 $15) 22... Rbc8 $2 (22... Qd6 23. Ba2 $11 (23. Bf7 $2 Rxe3 24. Qxe3 f4 $19)) ({Black should try} 22... Rxe3 $1 $19 23. Qxe3 f4) 23. Rhc1 $11 Qf8 24. Bf4 Nf6 $1 25. Ba2 Bc4 {[%emt 0:05:49] ...Nd5 is the strong threat.} 26. Bxc4 (26. Kg1 $11 {keeps the balance.}) 26... Nxc4 $17 27. Qa2 b5 28. Qxa7 $2 (28. Qa6 $17 {was called for.} Nd5 29. Qxb5 Nxf4 30. Rxc4) 28... Nd5 $1 $19 29. Be5 Nb4 {[%emt 0:01:53] Threatens to win with ...Nd3+.} (29... Nxe5 30. dxe5 Nc3 31. Ne2 Nxe2 32. Rxc8 Rxc8 33. Kxe2 $15) 30. Kg1 Nd3 $2 (30... Nxe5 31. dxe5 Nc2 32. Rab1 Rxe5 33. Nh5 $17) (30... Re7 $19 {is more deadly.} 31. Bd6 Rxa7 32. Bxf8 Rxa1 33. Rxa1 Rxf8) 31. Rd1 $17 Ndxe5 32. dxe5 Nxe5 (32... Rxe5 $6 33. Rd7 $11) 33. Rab1 Rc5 34. Qa3 Nc4 35. Qd3 Rce5 36. Qd4 Qf6 {[%emt 0:00:27][%cal Oe5e1] Strongly threatening ...Re1+!} 37. Kh1 Ne3 (37... Re1+ $2 38. Rxe1 Ra8 39. Qxf6 gxf6 40. Rxb5 $18) 38. Re1 f4 39. Ne4 Qg6 40. Rb2 Rd5 {[%emt 0:01:19] Prevents Qd7.} 41. Qb4 h6 42. Nc3 $2 {[%emt 0:00:47] [#]} (42. Rg1 $17) 42... Rg5 $2 (42... Nc2 $1 43. Rxe8+ Qxe8) 43. Qxf4 $2 {[%emt 0:02:03] [#]} (43. Nd1 {was forced.}) 43... Rxg2 $1 $19 44. Rxb5 {[%emt 0:01:02] [#]} (44. Rbb1 b4) 44... Rf2 $1 $40 {[%emt 0:05:59][%mdl 128] Black attacks with force.} 45. Qg3 Qxg3 46. hxg3 Rxf3 47. Nd5 Rxg3 48. Rb3 $2 {[%emt 0:00:22] [#]} (48. Kh2 Rf3 49. Nxe3 Rexe3 50. Re5 Rh3+ 51. Kg2 Reg3+ 52. Kf1) 48... Re5 $1 49. Nf4 {[%emt 0:01:10] Against Rh5+} Re4 50. Ng2 Rxg2 51. Rbxe3 Rxe3 (51... Reg4 $2 52. Re4 $19) 52. Rxe3 {[%emt 0:00:02] KR-KR} Ra2 53. Rb3 h5 54. Rb5 g6 55. Rb7 Kg8 (55... g5 56. Rb5 $11) 56. Rc7 Rf2 ({Not} 56... g5 57. Rc5 $11) 57. Ra7 Rf7 ({Stronger than} 57... g5 58. Ra5 $11) 58. Ra6 Kg7 ({Inferior is} 58... g5 59. Rg6+ Rg7 60. Rh6 $19) 59. Kg2 Rf6 60. Ra5 Kh6 61. Kg3 g5 62. Rb5 h4+ 63. Kg4 Rf4+ 64. Kh3 Kh5 65. Ra5 Rf3+ 66. Kg2 Rb3 67. Rc5 h3+ 68. Kh2 Kh4 69. Rc4+ g4 70. Ra4 Rb2+ 71. Kh1 Rf2 72. Kg1 Kg3 $2 (72... Re2 {mates} 73. Ra8 Kg3 74. Ra3+ Kf4 75. Ra8 Kg3 76. Ra3+ Kf4 77. Ra8 Kf3 78. Rf8+ Kg3 79. Rf1 Re3 80. Rd1 Kf4 81. Rf1+ Kg5 82. Rc1 g3 83. Kf1 Kf4 84. Rc8 g2+ 85. Kf2 Rf3+ 86. Ke2 h2 87. Rf8+ Ke5 88. Re8+ Kd6 89. Rd8+ Ke7 90. Rh8 {[#]} h1=Q $1 91. Kxf3 Qf1+ 92. Ke4 Qb1+ 93. Kf4 g1=Q 94. Re8+ Kxe8 95. Ke5 Qg4 96. Kd6 Qd4+ 97. Ke6 Qg6#) 73. Rxg4+ $1 {[%emt 0:00:09] Weighted Error Value: White=0.65/Black=0.44} 1/2-1/2

[Event "New York Spring IM-C 2022"]
[Site "New York"]
[Date "2022.04.17"]
[Round "6.2"]
[White "Singh, Hersh"]
[Black "Umayan, Vincent"]
[Result "1-0"]
[ECO "E02"]
[WhiteElo "2084"]
[BlackElo "2043"]
[Annotator "RC"]
[PlyCount "103"]
[EventDate "2022.04.14"]
[EventType "tourn"]
[EventCountry "USA"]
[SourceTitle "playchess.com"]
[Source "ChessBase"]
[SourceQuality "1"]
[TimeControl "5400+30"]

1. Nf3 Nf6 2. g3 e6 3. Bg2 d5 4. O-O Be7 5. d4 O-O 6. c4 dxc4 7. Qa4 Bd7 8. Qxc4 Bc6 9. Bf4 Nbd7 10. Rd1 Bd6 11. Qc1 Bxf4 12. Qxf4 Bxf3 13. Qxf3 c6 14. Nd2 Qe7 15. Qb3 Rab8 16. Nc4 Rfd8 17. a4 g6 18. a5 a6 19. Bf3 Kg7 20. Kg2 Ne8 21. h4 h5 22. Rac1 Kg8 23. Qe3 Nd6 24. Qa3 Nf6 25. Ne5 Qf8 26. Qb3 Nb5 27. e3 Rbc8 28. Be2 Nd6 29. Rc2 Kg7 30. Rdc1 Qe7 31. Bf3 Nb5 32. Nd3 Rb8 33. Qc4 Nd7 34. Nc5 e5 35. Nxd7 Rxd7 36. d5 cxd5 37. Bxd5 Rbd8 38. Bf3 Qf6 39. Qb4 Qe6 40. Rc5 Qf6 41. R1c2 Qe6 42. Qe4 Re7 43. Be2 Nd6 44. Qb4 Qf5 45. Bf3 Qf6 46. Rd2 Rde8 47. Rcd5 e4 48. Bxh5 Nf5 49. Bg4 Nh6 50. Rd6 Nxg4 51. Rxf6 Nxf6 52. Rd6 1-0

[Event "New York Spring IM-C 2022"]
[Site "New York"]
[Date "2022.04.17"]
[Round "6.3"]
[White "Berczes, David"]
[Black "Jakovljevic, Vlado"]
[Result "1-0"]
[ECO "D46"]
[WhiteElo "2452"]
[BlackElo "2352"]
[Annotator "TA"]
[PlyCount "73"]
[EventDate "2022.04.14"]
[EventType "tourn"]
[EventCountry "USA"]
[SourceTitle "playchess.com"]
[Source "ChessBase"]
[SourceQuality "1"]
[TimeControl "5400+30"]

1. d4 d5 2. Nf3 Nf6 3. c4 c6 4. e3 e6 5. Bd3 Nbd7 6. O-O Bd6 7. Nc3 O-O 8. e4 dxc4 9. Bxc4 e5 10. Be3 Qe7 11. h3 b5 {[%emt 0:04:39] D46: Semi-Slav: 5 e3 Nbd7 6 Bd3, Black avoids the Meran.} 12. Bb3 a6 {[%emt 0:05:40] [#]} (12... Bb7 $11 {keeps the balance.}) 13. Rc1 $146 ({Predecessor:} 13. a3 c5 14. Nd5 Nxd5 15. Bxd5 Ra7 16. Bg5 Qe8 17. dxc5 Bxc5 18. b4 Be7 19. Be3 {1-0 (58) Eljanov,P (2717)-Haznedaroglu,K (2499) Novi Sad 2009}) 13... Rb8 (13... Bb7 $14) 14. Bg5 h6 {[%emt 0:09:53] [#]} 15. Nh4 $1 {[%emt 0:01:29][%cal Og5h6] And now Bxh6! would win.} Qd8 {[%emt 0:10:06] [#]} (15... hxg5 16. Nf5) 16. Nf5 $1 Bc7 (16... hxg5 17. Nxd6) 17. Bxf6 {[%emt 0:04:21] &Bianco is much more active. The black rooks are badly placed.} (17. Bh4 $1 $16) 17... Nxf6 $14 18. dxe5 Bxf5 (18... Bxe5 $2 19. Qxd8 Rxd8 20. Ne7+ Kf8 21. Nxc6 $18) 19. exf6 Bg6 20. Qxd8 Rfxd8 21. fxg7 Be5 22. f4 Bxc3 (22... Bd4+ $14 23. Kh2 Kxg7) 23. Rxc3 $18 {[%emt 0:00:04] Black must now prevent f5.} (23. bxc3 Bxe4 24. Rfe1 Bd5 $11) 23... Bxe4 24. Rg3 ({White should try} 24. f5 $1 $16) 24... c5 $11 25. Re1 Rd4 26. Bd1 Rbd8 27. Bh5 c4 28. f5 Bxf5 {[%emt 0:00:00] With the idea ...Be6.} 29. Re7 (29. Rf1 $11 R4d5 30. Rgf3) 29... Be6 $17 {[%emt 0:00:00] Strongly threatening ...Rd3.} 30. Ra7 Rd3 $1 31. Bf3 {[%emt 0:00:23] [#]} Rd2 (31... b4 $1 $19 {has better winning chances. Hoping for ...c3.} 32. Kh2 (32. Rxa6 $2 c3 $19) 32... Rc8) 32. Rxa6 (32. Bg4 $17 {was worth a try.}) 32... Rxb2 $19 {[%emt 0:00:00] Threatens to win with ...c3.} 33. Be4 b4 ({Better is} 33... Re2 $19 34. Rd6 Rc8) 34. Rd6 $17 Re8 (34... Rxd6 $2 {[#]} 35. Bh7+ $1 Kxh7 36. g8=Q#) (34... Rxg2+ 35. Kxg2 Re8 36. Bc6 $18) 35. Bc6 Rc8 (35... Rb8 $17 36. Bd5 c3 37. Rxe6 c2) 36. Bd7 $18 ({Worse is} 36. Bb7 Rb8 37. Bd5 c3 38. Rxe6 c2 $17) 36... Rb8 37. Rxe6 {[%emt 0:00:21] Both players deserved the win here.  Weighted Error Value: White=0.28 (precise) /Black=0.27 (precise)} 1-0

[Event "New York Spring IM-C 2022"]
[Site "New York"]
[Date "2022.04.17"]
[Round "6.4"]
[White "Rozman, Levy"]
[Black "Antova, Gabriela"]
[Result "1/2-1/2"]
[ECO "A29"]
[WhiteElo "2334"]
[BlackElo "2304"]
[Annotator "TA"]
[PlyCount "115"]
[EventDate "2022.04.14"]
[EventType "tourn"]
[EventCountry "USA"]
[SourceTitle "playchess.com"]
[Source "ChessBase"]
[SourceQuality "1"]
[TimeControl "5400+30"]

1. c4 e5 2. g3 Nf6 3. Bg2 d5 4. cxd5 Nxd5 5. Nc3 Nb6 6. Nf3 Nc6 7. O-O Be7 8. a3 O-O 9. b4 Be6 10. Rb1 a6 {[%emt 0:01:29] A29: English Opening: Four Knights Variation with 4 g3.} 11. Ne4 Ba2 {[%emt 0:16:20] [#]} 12. Ra1 $146 ({Predecessor:} 12. Rb2 Bd5 13. d3 a5 14. b5 Nd4 15. Nxd4 exd4 16. Rb1 a4 17. Bb2 Qd7 18. Qc1 {½-½ (48) Klein,M-Schaefer,U DESC email 2004}) 12... Bd5 13. d3 Bxe4 14. dxe4 Qxd1 15. Rxd1 Rfd8 16. Rd3 Nc4 17. Ra2 (17. Bf1 $11 {keeps the balance.}) 17... b5 (17... Bxb4 $5 18. axb4 Nxb4 19. Rxd8+ Rxd8 $11) 18. Bh3 {[%emt 0:02:37] [#]} (18. Nd2 $15) 18... a5 ({Black should try} 18... Bxb4 $1 $17 19. Bd7 (19. axb4 Nxb4 20. Rxd8+ Rxd8 $17) 19... Nd4 20. Nxd4 Rxd7) 19. Bd7 $11 Na7 {[%emt 0:00:00] Pair of Knights!} 20. Rc2 axb4 21. axb4 Bxb4 (21... Kf8 {keeps more tension.} 22. Bxb5 Nxb5 23. Rxc4 Rxd3 24. exd3 f6) 22. Bxb5 Nxb5 23. Rxc4 Rxd3 24. exd3 Bd6 25. h4 h5 26. Kg2 f6 27. Be3 Kf7 28. d4 exd4 29. Bxd4 Nxd4 30. Nxd4 {[%emt 0:00:25][%mdl 4096] Endgame KRB-KRN} Ra5 31. Nf5 Bc5 32. Kf3 Bb6 33. Ne3 Ra2 34. g4 hxg4+ 35. Nxg4 Rd2 36. Rc3 Ke6 37. h5 f5 38. Rc6+ Rd6 (38... Kd7 $5 39. Ne5+ Kc8 $11) 39. exf5+ Kxf5 40. Rc1 Kg5 41. Rh1 Rd4 42. Ne3 Rh4 43. Rg1+ {[%emt 0:00:40] The position is equal.} Kf6 44. Rg6+ Kf7 45. Rg5 Bxe3 46. fxe3 {[%emt 0:00:34] KR-KR} Rc4 47. e4 Kf6 48. Rg6+ Kf7 49. Kf4 Rc1 50. Kf5 Rf1+ 51. Ke5 Ra1 52. Rc6 Ra5+ 53. Kd4 Rxh5 54. Rxc7+ Kf6 55. Rc6+ Kf7 56. e5 Rh1 57. Rc7+ Ke6 58. Rxg7 {[%emt 0:00:06] Weighted Error Value: White=0.06 (flawless) /Black=0.05 (flawless)} 1/2-1/2